 Dungeon Crawl Stone Soup version 0.22-a0-425-g89d60a1 (webtiles) character file.

151 emperorscorpion the Covert (level 5, -4/38 HPs)
             Began as a Formicid Assassin on May 24, 2018.
             Slain by a shadow (12 damage)
             ... on level 13 of the Dungeon.
             The game lasted 00:06:44 (568 turns).

emperorscorpion the Covert (Formicid Assassin)       Turns: 568, Time: 00:06:44

Health: -4/38      AC:  3    Str: 15    XL:     5   Next: 60%
Magic:  5/5        EV: 11    Int: 11    God:
Gold:   9          SH:  0    Dex: 13    Spells: 4/4 levels left

rFire    . . .     SeeInvis +   b - +0 blowgun
rCold    . . .     Gourm    .   (no shield)
rNeg     . . .     Faith    .   c - +0 robe
rPois    .         Spirit   .   (helmet unavailable)
rElec    .         Reflect  .   d - +0 cloak
rCorr    .         Harm     .   (no gloves)
MR       .....                  (no boots)
Stlth    ++++......             (no amulet)
HPRegen  0.12/turn              (no ring)
MPRegen  0.09/turn              (no ring)

@: lethally poisoned (-4 -> -16)
A: permanent stasis, dig shafts and tunnels, four strong arms, antennae 3
a: Dig, Shaft Self


You were on level 13 of the Dungeon.
You were very hungry.

You visited 1 branch of the dungeon, and saw 9 of its levels.

You collected 9 gold pieces.

Inventory:

Hand Weapons
 a - a +2 dagger
 b - a +0 blowgun (weapon)
Missiles
 e - 6 poisoned needles (quivered)
Armour
 c - a +0 robe (worn)
 d - a +0 cloak (worn)
 j - a +1 large shield of resistance
Comestibles
 g - a ration


   Skills:
 + Level 2.1 Fighting
 - Level 2.0 Short Blades
 - Level 2.0 Throwing
 - Level 0.8 Dodging
 - Level 8.2 Stealth


You had 4 spell levels left.
You didn't know any spells.
Your spell library was empty.

Dungeon Overview and Level Annotations

Branches:
Dungeon (15/15)            Depths (0/5) D:15
 Temple: D:4-7         Lair: D:8-11         Orc: D:9-12      Vaults: D:13-14

Altars:

Annotations:
D:3 Gaball's ghost, amateur FoCK
D:13 Sonja
D:15 exclusion: acid dragon


Innate Abilities, Weirdness & Mutations

You cannot be hasted, slowed, berserked, paralysed or teleported.
You can dig through walls and to a lower floor.
Your four strong arms can wield two-handed weapons with a shield.
You have a pair of large antennae on your head. (SInv)


Message History

The curare-tipped needle barely misses you.
You feel sick.
Sonja shoots a curare-tipped needle.
The curare-tipped needle hits the shadow.
You feel sick.
You are feeling very hungry.
You feel sick.
Sonja casts a spell.
Sonja looks slightly unstable.
You feel sick.
Sonja casts a spell.
Sonja blinks!
* * * LOW HITPOINT WARNING * * *
You feel sick. The shadow barely misses you.
* * * LOW HITPOINT WARNING * * *
You feel sick.
* * * LOW HITPOINT WARNING * * *
You feel sick.
* * * LOW HITPOINT WARNING * * *
You feel sick. The shadow hits you!
You die...

# { {#### .#
+@.######.####
##W#........(#
#.#.........###
#.#...........
{{
#.......ยง...#
###.>.......# {
#..($.....#
#...(.....#
###.#######


You could see a shadow (invisible).

Vanquished Creatures
  A sky beast (D:14)
  A bullfrog (D:15)
2 creatures vanquished.

Notes
Turn   | Place    | Note
-------+----------+-------------------------------------------
     0 | D:1      | emperorscorpion the Formicid Assassin began the quest for the Orb.
     0 | D:1      | Reached XP level 1. HP: 16/16 MP: 1/1
     5 | D:1      | You fall through a shaft!
     9 | D:2      | You fall through a shaft!
     9 | D:3      | Noticed Gaball's ghost (amateur FoCK)
    12 | D:3      | You fall through a shaft for 3 floors!
    15 | D:6      | You fall through a shaft for 2 floors!
    18 | D:8      | You fall through a shaft for 2 floors!
    18 | D:10     | Entered Level 10 of the Dungeon
    21 | D:10     | You fall through a shaft for 3 floors!
    21 | D:13     | Noticed Sonja
    21 | D:13     | Noticed a shadow
    24 | D:13     | You fall through a shaft for 2 floors!
    24 | D:15     | Entered Level 15 of the Dungeon
    26 | D:15     | Noticed a wolf spider zombie
    41 | D:15     | Noticed a freezing wraith
   122 | D:15     | Noticed a bullfrog
   144 | D:15     | Killed a bullfrog
   144 | D:15     | Reached skill level 7 in Stealth
   144 | D:15     | Reached XP level 2. HP: 22/22 MP: 2/2
   144 | D:15     | Reached XP level 3. HP: 27/27 MP: 3/3
   144 | D:15     | Reached XP level 4. HP: 33/33 MP: 4/4
   199 | D:15     | Noticed a vampire
   226 | D:15     | Noticed an acid dragon
   509 | D:14     | Noticed a sky beast
   529 | D:14     | Killed a sky beast
   529 | D:14     | Reached skill level 8 in Stealth
   529 | D:14     | Reached XP level 5. HP: 38/38 MP: 5/5
   560 | D:13     | Noticed a tengu conjurer
   568 | D:13     | Slain by a shadow

Vault maps used:
D:1:      saegor_arrival_simple_a, st_stairs_6
D:3:      grunt_dithmenos_smoke_and_mirrors, tso_oasis_becter,
          old_standard_altar, first_ration
D:6:      minmay_item_behind_shaft, hangedman_abyss_or_decor_stabs
D:8:      hangedman_ranch, roderic_batcave, cheibrodos_ashenzari_chains,
          uniq_prince_ribbit1
D:10:     special_room, lemuel_tele_altar
D:13:     uniq_snorg, uniq_erolcha, uniq_sonja
D:14:     lightli_vaults_fourway_checkpoint, serial_shops, kennysheep_mini_moat,
          roderic_serpentine_path, stair_cage_line
D:15:     grunt_enter_depths_snipers, abandoned_shop

Skill      XL: |  1  2  3  4 |
---------------+-------------+-----
Stealth        | 7 8 |  8.2
Fighting       | |  2.1
Short Blades   | |  2.0
Throwing       | |  2.0
Dodging        | |  0.8

Action                   |  1- 3 |  4- 6 || total
-------------------------+-------+-------++-------
 Fire: Blowgun           |     3 |     5 ||     8
 Abil: Shaft Self        |     7 |       ||     7
       Dig               |     4 |     3 ||     7
  Use: Scroll            |       |     2 ||     2
       Potion            |       |     1 ||     1
  Eat: Chunk             |       |     1 ||     1
Dodge: Dodged            |       |     2 ||     2

Table legend:
 A = Spawn XP
 B = Non-spawn XP
 C = Spawn XP percentage of total XP
 D = Spawn monster count
 E = Non-spawn monster count
 F = Spawn count percentage of total count
 G = Total turns spent on level
                    A         B        C        D         E        F      G
               +---------+---------+-------+---------+---------+-------+---------
         Total |       0 |     217 |   0.0 |       0 |       2 |   0.0 |   568
               +---------+---------+-------+---------+---------+-------+---------
          D:14 |       0 |     127 |   0.0 |       0 |       1 |   0.0 |    75
          D:15 |       0 |      90 |   0.0 |       0 |       1 |   0.0 |   455
               +---------+---------+-------+---------+---------+-------+---------
